 Dungeon Crawl Stone Soup version 0.19-a0-1277-g7cecae3 (webtiles) character file.

14291 Deemzul the Carver (level 11, -6/106 HPs)
             Began as a Demonspawn Berserker on Aug 30, 2016.
             Was the Champion of Trog.
             Mangled by a six-headed hydra (9 damage)
             ... on level 2 of the Lair of Beasts.
             The game lasted 00:16:16 (10206 turns).

Deemzul the Carver (Demonspawn Berserker)          Turns: 10206, Time: 00:16:18

Health: -6/106     AC:  8    Str: 25    XL:     11   Next: 86%
Magic:  14/14      EV: 18    Int:  9    God:    Trog [******]
Gold:   1227       SH:  3    Dex: 16    Spells: 0 memorised, 10 levels left

rFire  . . .     SeeInvis +     Q - +10 scimitar of Fimbulwinter {elec, +Fly}
rCold  . . .     Gourm    .     a - +0 robe of Time Monsters {+Blink Str+4}
rNeg   . . .     Faith    .     (no shield)
rPois  +         Spirit   .     t - +0 helmet {SInv}
rElec  .         Dismiss  .     S - +0 cloak
rCorr  .         Reflect  .     (no gloves)
MR     .....     Harm     .     (no boots)
Stlth  ++++......               U - amulet of magic regeneration
                                R - ring of poison resistance
                                C - +4 ring of strength

@: very slightly contaminated, hasted, very quick
A: talons 1, large bone plates 2, see invisible, nightstalker 2, robust 2, spiny
1
a: Berserk, Trog's Hand, Brothers in Arms, Burn Spellbooks, Renounce Religion,
Evoke Blink, Evoke Flight


You were on level 2 of the Lair of Beasts.
You worshipped Trog.
Trog was exalted by your worship.
You were not hungry.

You visited 2 branches of the dungeon, and saw 14 of its levels.
You also visited: Sewer and Bailey.

You collected 1330 gold pieces.
You spent 103 gold pieces at shops.

Inventory:

Hand Weapons
 B - a +0 blowgun
 Q - the +10 scimitar of Fimbulwinter (weapon) {elec, +Fly}
   (You found it on level 8 of the Dungeon)

   Occasionally, upon striking a foe, it will discharge some electrical energy
   and cause terrible harm.
   It lets you fly.
 V - a +0 blowgun
Missiles
 p - 36 tomahawks of returning (quivered)
 E - 31 poisoned needles
 F - 8 curare-tipped needles
Armour
 a - the +0 robe of Time Monsters (worn) {+Blink Str+4}
   (You found it on level 9 of the Dungeon)

   It affects your strength (+4).
   It lets you blink.
 t - a +0 helmet of see invisible (worn)
 S - a +0 cloak (worn)
Jewellery
 i - an uncursed ring of fire
 s - an uncursed ring of protection from cold
 C - a +4 ring of strength (left hand)
 J - an uncursed ring of fire
 R - a ring of poison resistance (right hand)
 U - an amulet of magic regeneration (around neck)
Wands
 w - a wand of acid (1/15)
 G - a wand of polymorph (5/24)
 I - a wand of digging (13/24)
 K - a wand of flame (22/48)
 N - a wand of digging (8/24)
 O - a wand of random effects (27/48)
 T - a wand of paralysis (9/24)
Scrolls
 b - a scroll of silence {unknown}
 e - 7 scrolls of identify {unknown}
 g - a scroll of amnesia
 h - 4 scrolls of remove curse
 k - a scroll of enchant weapon {unknown}
 o - 6 scrolls of fog
 r - a scroll of noise {unknown}
 x - 2 scrolls of random uselessness
 y - 3 scrolls of blinking {unknown}
 z - 5 scrolls of recharging {unknown}
 A - 2 scrolls of teleportation {unknown}
 D - a scroll of enchant armour {unknown}
 M - a scroll of fear {unknown}
 P - a scroll of torment {unknown}
Potions
 d - a potion of haste
 j - 3 potions of cure mutation
 l - 3 potions of curing
 m - a potion of brilliance
 n - a potion of invisibility
 H - a potion of magic
 W - a potion of heal wounds
Comestibles
 c - 7 bread rations
 f - 3 beef jerkies
 q - 12 fruits
 u - 6 meat rations
 v - 16 royal jellies
 L - 9 slices of pizza


   Skills:
 + Level 9.1 Fighting
 * Level 10.8 Long Blades
 + Level 7.8 Armour
 + Level 8.0 Dodging
 + Level 2.3 Stealth
 + Level 5.1 Evocations


You had 10 spell levels left.
You didn't know any spells.

Dungeon Overview and Level Annotations

Branches:
Dungeon (12/15)            Temple (0/1) D:7            Lair (2/6) D:10
    Orc (0/2) D:10
  Swamp: Lair:2-4    Shoals: Lair:2-4     Snake: Lair:2-4    Spider: Lair:2-4

Altars:
Ashenzari
Elyvilon
Kikubaaqudgha
Makhleb
Nemelex Xobeh
Qazlal
Sif Muna
Xom
Yredelemnul
Beogh

Shops:
D:6 [


Innate Abilities, Weirdness & Mutations

You have sharp toenails.
You are mostly covered in large bone plates. (AC +3, SH +3)
You are significantly more attuned to the shadows.
You are very robust. (+20% HP)
You are partially covered in sharp spines.
You have supernaturally acute eyesight. (SInv)


Message History

The six-headed hydra bites you.
You are very lightly contaminated with residual magic.
Evoke which item? (* to show all) (? for menu, Esc to quit)
Zapping:
w - a wand of acid (will waste charges)
Press: ? - help, Shift-Dir - straight line, f - six-headed hydra
Aim: a six-headed hydra (moderately wounded)
The bolt of acid hits the six-headed hydra.
The acid corrodes the six-headed hydra!
The six-headed hydra is severely wounded.
Evoking this partially-identified wand wasted a few charges.
The six-headed hydra bites you. The six-headed hydra bites you!
* * * LOW HITPOINT WARNING * * *
The six-headed hydra bites you.
* * * LOW HITPOINT WARNING * * *
The six-headed hydra bites you!
* * * LOW HITPOINT WARNING * * *
The six-headed hydra bites you!
* * * LOW HITPOINT WARNING * * *
The six-headed hydra bites you!
You die...

P## ######
#.P.##..#.##
............
........... #.........
.....# ##........
##....# #..D####..
#.....# ##.P@.....
##....#######..P...#..
#....##...##.#.P...#
##.................#
##.##.##........+###
...+..............
...#......#.......
P#........!.......
##........#.......


You could see a six-headed hydra.

Vanquished Creatures
  Josephine (D:11)
  Sonja (Lair:1)
  A hill giant (D:10)
  An orc knight (Bailey)
  Maurice (D:8)
  A black mamba (Lair:1)
  Joseph (Lair:1)
  2 gargoyles
  A centaur skeleton (D:10)
  A komodo dragon (Lair:1)
  2 trolls (D:10)
  A queen bee (Lair:1)
  3 blink frogs (Lair:1)
  Prince Ribbit (Lair:1)
  A yak (D:10)
  Sigmund (D:3)
  4 wraiths (D:11)
  A human (D:10)
  A basilisk (D:11)
  A fire bat (Lair:2)
  3 hogs (D:10)
  A hippogriff (D:7)
  A hungry ghost (D:10)
  2 porcupines (Lair:1)
  4 water moccasins (Lair:1)
  5 ice beasts
  2 eyes of draining (D:10)
  6 orc warriors
  A black bear (Lair:1)
  A sky beast (D:8)
  2 ogres
  A necrophage (D:6)
  5 centaurs
  2 crocodiles
  Blork the orc (D:4)
  3 big kobolds
  7 giant frogs
  3 scorpions
  26 killer bees
  8 wights
  A giant frog zombie (D:5)
  3 crimson imps
  A wasp zombie (D:7)
  2 hounds
  7 orc priests
  2 giant frog skeletons
  2 jellies
  Jessica (D:3)
  3 iguanas
  Natasha (thrice) (D:4)
  7 orc wizards
  7 worker ants
  A killer bee zombie (D:8)
  2 hound skeletons
  2 worker ant zombies (D:8)
  Robin (D:4)
  A howler monkey skeleton (D:9)
  9 adders
  4 gnolls (D:4)
  16 oozes (Sewer)
  A dart slug (D:4)
  16 giant geckos
  68 orcs
  8 giant cockroaches
  44 goblins
  29 hobgoblins
  12 jackals
  21 kobolds
  4 quokkas
  6 ball pythons
  7 bats
  A giant gecko skeleton (D:5)
  17 giant newts
  6 rats
426 creatures vanquished.

Vanquished Creatures (collateral kills)
  2 orc warriors (Bailey)
  An orc (Bailey)
3 creatures vanquished.

Grand Total: 429 creatures vanquished

Notes
Turn   | Place    | Note
-------+----------+-------------------------------------------
     0 | D:1      | Deemzul the Demonspawn Berserker began the quest for the Orb.
     0 | D:1      | Reached XP level 1. HP: 18/18 MP: 1/1
   205 | D:1      | Reached skill level 3 in Long Blades
   209 | D:1      | Gained mutation: You are partially covered in sharp spines. [demonic ancestry]
   209 | D:1      | Reached XP level 2. HP: 10/24 MP: 2/2
   723 | D:2      | Reached ** piety under Trog
   779 | D:2      | Reached XP level 3. HP: 16/29 MP: 3/3
   995 | D:2      | Found an ancient bone altar of Kikubaaqudgha.
  1319 | D:3      | Noticed Sigmund
  1330 | D:3      | Killed Sigmund
  1330 | D:3      | Reached skill level 4 in Long Blades
  1330 | D:3      | Gained mutation: You are slightly more attuned to the shadows. [demonic ancestry]
  1330 | D:3      | Reached XP level 4. HP: 37/37 MP: 4/4
  1330 | D:3      | Reached XP level 5. HP: 42/42 MP: 5/5
  1609 | D:3      | Gained mutation: You are partially covered in large bone plates. (AC +2, SH +2) [demonic ancestry]
  1609 | D:3      | Reached XP level 6. HP: 48/48 MP: 6/6
  1671 | D:3      | Noticed Jessica
  1681 | D:3      | Killed Jessica
  1765 | D:3      | Found a glowing drain.
  1770 | Sewer    | Entered a sewer
  1773 | Sewer    | Reached *** piety under Trog
  2124 | Sewer    | Reached **** piety under Trog
  2240 | D:3      | Gained mutation: You are mostly covered in large bone plates. (AC +3, SH +3) [demonic ancestry]
  2240 | D:3      | Reached XP level 7. HP: 42/55 MP: 7/7
  2252 | D:3      | Reached skill level 5 in Long Blades
  2730 | D:4      | Found a basalt altar of Yredelemnul.
  3094 | D:4      | Noticed Blork the orc
  3097 | D:4      | Noticed Natasha
  3105 | D:4      | Killed Blork the orc
  3108 | D:4      | Noticed Robin
  3108 | D:4      | Killed Natasha
  3121 | D:4      | Killed Robin
  3544 | D:4      | Reached skill level 5 in Fighting
  3546 | D:4      | Reached ***** piety under Trog
  3816 | D:4      | Received a gift from Trog
  3853 | D:4      | Noticed Natasha
  3862 | D:4      | Killed Natasha
  3885 | D:4      | Reached XP level 8. HP: 58/62 MP: 8/8
  4102 | D:4      | Noticed Natasha
  4106 | D:4      | Killed Natasha
  4138 | D:5      | Entered Level 5 of the Dungeon
  4336 | D:5      | Reached skill level 6 in Long Blades
  4370 | D:5      | Found a shimmering altar of Xom.
  4773 | D:6      | Gained mutation: Armour fits poorly on your strangely shaped body. [potion of mutation]
  5043 | D:6      | Found a sparkling altar of Nemelex Xobeh.
  5116 | D:6      | Found Fonynaag's Antique Armour Shop.
  5119 | D:6      | Bought a glowing helmet for 103 gold pieces
  5408 | D:7      | Reached skill level 7 in Long Blades
  5408 | D:7      | Reached skill level 5 in Dodging
  5419 | D:7      | Reached skill level 5 in Armour
  5815 | D:7      | Found a shattered altar of Ashenzari.
  5837 | D:7      | Gained mutation: You have sharp toenails. [demonic ancestry]
  5837 | D:7      | Reached XP level 9. HP: 64/68 MP: 9/9
  5959 | D:7      | Found a stormy altar of Qazlal.
  6235 | D:7      | Found a staircase to the Ecumenical Temple.
  6470 | D:8      | Noticed Maurice
  6483 | D:8      | Killed Maurice
  6483 | D:8      | Reached skill level 8 in Long Blades
  6608 | D:8      | Found a deep blue altar of Sif Muna.
  6659 | D:8      | Found a shattered altar of Ashenzari.
  6760 | D:8      | Gained mutation: You are robust. (+10% HP) [mutagenic meat]
  6763 | D:8      | Gained mutation: You have supernaturally acute eyesight. (SInv) [mutagenic meat]
  6766 | D:8      | Gained mutation: Your mind is acute. (Int +2) [mutagenic meat]
  6769 | D:8      | Gained mutation: You are resistant to electric shocks. (rElec) [mutagenic meat]
  6812 | D:8      | Found a roughly hewn altar of Beogh.
  6918 | D:8      | Found a burning altar of Makhleb.
  6920 | D:8      | Noticed a balrug
  6923 | D:8      | Noticed a smoke demon
  6974 | D:8      | Found a white marble altar of Elyvilon.
  7170 | D:8      | Got a translucent scimitar
  7171 | D:8      | Identified the +10 scimitar of Fimbulwinter {elec, +Fly} (You found it on level 8 of the Dungeon)
  7244 | D:9      | Got a smoking robe
  7255 | D:9      | Identified the cursed +0 robe of Time Monsters {+Blink Str+4} (You found it on level 9 of the Dungeon)
  7361 | D:9      | You fall through a shaft for 2 floors!
  7378 | D:11     | Gained mutation: You are very robust. (+20% HP) [demonic ancestry]
  7378 | D:11     | Reached XP level 10. HP: 77/93 MP: 10/10
  7605 | D:11     | Noticed Josephine
  7608 | D:11     | Noticed a gargoyle
  7618 | D:11     | Reached skill level 1 in Evocations
  7620 | D:11     | Killed Josephine
  7620 | D:11     | Reached skill level 9 in Long Blades
  7622 | D:11     | Killed a gargoyle
  7911 | D:11     | Noticed an eight-headed hydra
  7921 | D:12     | Noticed a gargoyle
  7923 | D:12     | Killed a gargoyle
  7933 | D:10     | Entered Level 10 of the Dungeon
  8019 | D:10     | Reached ****** piety under Trog
  8045 | D:10     | Found a staircase to the Orcish Mines.
  8086 | D:10     | Received a gift from Trog
  8140 | D:10     | Found a staircase to the Lair.
  8148 | D:10     | Noticed a hill giant
  8153 | D:10     | Killed a hill giant
  8179 | D:10     | Found a flagged portal.
  8187 | Bailey   | Entered a bailey
  8220 | Bailey   | Noticed an orc knight
  8228 | Bailey   | Gained mutation: You are significantly more attuned to the shadows. [demonic ancestry]
  8228 | Bailey   | Reached XP level 11. HP: 33/102 MP: 13/13
  8231 | Bailey   | Killed an orc knight
  8232 | Bailey   | Found a burning altar of Makhleb.
  8537 | Bailey   | Lost mutation: Your mind is acute. (Int +2) [potion of cure mutation]
  8537 | Bailey   | Lost mutation: You are resistant to electric shocks. (rElec) [potion of cure mutation]
  8537 | Bailey   | Lost mutation: Armour fits poorly on your strangely shaped body. [potion of cure mutation]
  8683 | D:10     | Reached skill level 10 in Long Blades
  9285 | Lair:1   | Entered Level 1 of the Lair of Beasts
  9716 | Lair:1   | Reached skill level 1 in Stealth
  9852 | Lair:1   | Noticed Prince Ribbit
  9859 | Lair:1   | Killed Prince Ribbit
  9977 | Lair:1   | Noticed Sonja
  9995 | Lair:1   | Killed Sonja
  9995 | Lair:1   | Reached skill level 5 in Evocations
 10052 | Lair:1   | Noticed Joseph
 10058 | Lair:1   | Killed Joseph
 10197 | Lair:2   | Noticed a five-headed hydra
 10206 | Lair:2   | HP: 3/106 [six-headed hydra (12)]
 10206 | Lair:2   | Mangled by a six-headed hydra

Vault maps used:
D:1:      dpeg_arrival_subterranean_lakeside_camping
D:2:      nicolae_overflow_hidden_temple, kiku_gazebo_pond_becter
D:3:      first_bread, lightli_sewer_entry_pipes, amethyst_killhole,
          uniq_jessica, uniq_sigmund
D:4:      minmay_goblin_kobold_castle, yredelemnul_altar_generic, uniq_robin,
          uniq_natasha, uniq_blork_the_orc
D:5:      lemuel_round_altar
D:6:      serial_shops, nicolae_shop_trees, basic_altar
D:7:      nicolae_qazlal_general_emergency, basic_altar
D:8:      kennysheep_mini, led_sif_book, makhleb_altar_promises_db,
          lemuel_coloured_pillars_altar, special_room, uniq_maurice
D:9:      minmay_cornered_nines, lemuel_round_altar, uniq_grum
D:10:     lair_0_dummy, hiddenorc1_lemuel, enter_bailey_2, grunt_livestock
D:11:     uniq_erica, uniq_josephine, uniq_urug
D:12:     serial_shops, nicolae_shop_behind_doors, uniq_frances
Lair:1:   serial_bayou_crossing, uniq_joseph, uniq_prince_ribbit2, uniq_sonja
Sewer:    sewer_frog_island_02
Bailey:   bailey_axe_3, bailey

Skill      XL: |  1  2  3  4  5  6  7  8  9 10 11 |
---------------+----------------------------------+-----
Long Blades    | 3 4 5 7 8 9 10 | 10.8
Dodging        | 2 3 4 5 6 7 8 |  8.0
Armour         | 2 3 4 5 6 7 |  7.8
Fighting       | 4 5 6 7 8 9 |  9.1
Evocations     | 3 5 |  5.1
Stealth        | 2 |  2.3

Action                   |  1- 3 |  4- 6 |  7- 9 | 10-12 || total
-------------------------+-------+-------+-------+-------++-------
Melee: Falchion          |   112 |   179 |   576 |       ||   867
       Unarmed           |       |       |     1 |       ||     1
       Kick              |       |       |    92 |    99 ||   191
       Scimitar          |       |       |    21 |   284 ||   305
Invok: Berserk           |     1 |       |     9 |     3 ||    13
       Brothers in Arms  |       |       |       |     2 ||     2
       Burn Spellbooks   |       |       |       |     1 ||     1
Evoke: Wand              |       |       |       |     1 ||     1
  Use: Scroll            |       |     1 |       |     5 ||     6
       Potion            |       |       |     5 |     8 ||    13
 Stab: Sleeping          |     1 |     6 |    17 |    12 ||    36
       Distracted        |       |       |     2 |     2 ||     4
       Invisible         |       |       |     1 |       ||     1
  Eat: Chunk             |     1 |     5 |    30 |    15 ||    51
Armor: Animal skin       |    19 |    20 |    68 |       ||   107
       Robe              |       |       |     4 |    39 ||    43
Dodge: Dodged            |    63 |   100 |   276 |   205 ||   644
Block: Other             |       |    13 |    57 |    38 ||   108
